 Dungeon Crawl Stone Soup version 0.29-a0-824-gd827844252 (webtiles) character file.

Game seed: 7374535174877216844

67 HoaS the Shooter (level 4, -3/26 HPs)
             Began as a Tengu Hunter on July 10, 2022.
             Slain by a hobgoblin (6 damage)
             ... led by Robin
             ... on level 2 of the Dungeon.
             The game lasted 00:03:19 (1941 turns).

HoaS the Shooter (Tengu Hunter)                     Turns: 1941, Time: 00:03:19

Health: -3/26      AC:  6    Str: 17    XL:     4   Next: 18%
Magic:  5/5        EV: 12    Int: 10    God:
Gold:   65         SH:  0    Dex: 19    Spells: 3/3 levels left

rFire   . . .      SeeInvis .   a - +0 shortbow
rCold   . . .      Faith    .   (shield currently unavailable)
rNeg    . . .      Spirit   .   c - +0 leather armour
rPois   .          Reflect  .   l - +2 hat
rElec   .          Harm     .   g - +0 cloak
rCorr   .          Rampage  .   (no gloves)
Will    .....                   (boots unavailable)
Stlth   ++........              (no amulet)
HPRegen 0.08/turn               d - +6 ring of strength
MPRegen 0.09/turn               (no ring)

@: slowed, very slow
A: beak, talons 3
a: no special abilities


You were on level 2 of the Dungeon.
You visited 1 branch of the dungeon, and saw 3 of its levels.

You collected 65 gold pieces.

Inventory:

Hand Weapons
 a - a +0 shortbow (weapon)
Armour
 c - a +0 leather armour (worn)
 g - a +0 cloak (worn)
 l - a +2 hat (worn)
Jewellery
 d - a +6 ring of strength (left hand)
Scrolls
 b - a scroll of immolation
 f - a scroll of teleportation
 i - a scroll of enchant weapon {unknown}
 j - a scroll of fear {unknown}
Potions
 k - a potion of heal wounds {unknown}
 m - a potion of might {unknown}
 n - a potion of invisibility {unknown}


   Skills:
 - Level 2.0 Fighting
 * Level 6.1 Ranged Weapons
 - Level 2.1 Dodging
 - Level 1.0 Stealth


You had 3 spell levels left.
You didn't know any spells.
Your spell library contained the following spells:

 Spells                   Type           Power      Damage    Failure   Level
 Corpse Rot               Necr/Pois/Air  0%         N/A       99%         4
 Dispel Undead            Necr           0%         3d6       99%         4
 Fireball                 Conj/Fire      0%         3d3       100%        5
 Iskenderun's Battlesphe  Conj           0%         2d6       100%        5
 Conjure Ball Lightning   Conj/Air       0%         3x3d6     100%        6
 Death Channel            Necr           0%         N/A       100%        6
 Dispersal                Tloc           0%         N/A       100%        6
 Orb of Destruction       Conj           0%         9d5       100%        7
 Disjunction              Tloc           0%         N/A       100%        8


Dungeon Overview and Level Annotations

Branches:
Dungeon (3/15)

Altars:

Annotations:
D:2 Robin
D:3 Natasha, Sigmund


Innate Abilities, Weirdness & Mutations

You have a beak for a mouth.
You have claws for feet.


Message History

The hobgoblin barely misses you. The goblin hits you but does no damage.
Fire: a) +0 shortbow
Press: ? - help, Q - select action Shift-Dir - straight line, f/p - Robin
Aim: Robin, wielding a +0 club, wearing a +2 animal skin and wearing a +0 helmet (moderately wounded, 72% to hit)
You shoot an arrow.
The arrow hits Robin but does no damage.
Robin is moderately wounded.
Robin closely misses you. The hobgoblin barely misses you.
The goblin barely misses you. Robin hits you with a +0 club.
The hobgoblin hits you but does no damage.
The goblin hits you with a +0 dagger.
Fire: a) +0 shortbow
Press: ? - help, Q - select action Shift-Dir - straight line, f/p - Robin
Aim: Robin, wielding a +0 club, wearing a +2 animal skin and wearing a +0 helmet (moderately wounded, 72% to hit)
You shoot an arrow. The arrow hits Robin!
Robin is almost dead.
Robin hits you with a +0 club. The hobgoblin closely misses you.
The goblin hits you but does no damage. Robin barely misses you.
The hobgoblin hits you.
* * * LOW HITPOINT WARNING * * *
The goblin hits you but does no damage.
Fire: a) +0 shortbow
Press: ? - help, Q - select action Shift-Dir - straight line, f/p - Robin
Aim: Robin, wielding a +0 club, wearing a +2 animal skin and wearing a +0 helmet (almost dead, 72% to hit)
You shoot an arrow.
The arrow hits Robin but does no damage.
Robin is almost dead.
Robin barely misses you. The hobgoblin barely misses you.
The goblin hits you but does no damage.
Fire: a) +0 shortbow
Press: ? - help, Q - select action Shift-Dir - straight line, f/p - Robin
Aim: Robin, wielding a +0 club, wearing a +2 animal skin and wearing a +0 helmet (almost dead, 72% to hit)
You shoot an arrow. The arrow barely misses Robin.
Robin closely misses you. The hobgoblin closely misses you.
The goblin hits you with a +0 dagger.
* * * LOW HITPOINT WARNING * * *
Robin hits you with a +0 club.
* * * LOW HITPOINT WARNING * * *
The hobgoblin hits you.
You die...

#......##.#...## #.# #
#..............# #.# #
#......##..#.#.####.#########
####'#####.#.#.#............# #.#
#.#.#.#....#######.# #####'##
#...#.#....# #.# #......#
##.g#.#....## #.# ####......#
#gg#.......######'#
..........######@#.......#.......
####......##...#g#.......#.......
###'#'###...#.#.......#.......
#.#.# #...#.#.......######.#
#.#.# #...#.#..............#
#.#.# #...#.#.##.#.#########
#[#.# #........#............
##.#.#####.#.#..#.#..........
#..#.....#.#....#.#....######


You could see Robin, a hobgoblin (strong) and 2 goblins.

Vanquished Creatures
  4 gnolls (D:2)
  A worm (D:2)
  3 ball pythons
  4 endoplasms
  A giant cockroach (D:2)
  A goblin (D:1)
  3 hobgoblins
  2 quokkas (D:1)
  2 bats
  A frilled lizard (D:1)
  2 kobolds
  2 rats (D:1)
26 creatures vanquished.

Notes
Turn   | Place    | Note
-------+----------+-------------------------------------------
     0 | D:1      | HoaS the Tengu Hunter began the quest for the Orb.
     0 | D:1      | Reached XP level 1. HP: 12/12 MP: 2/2
   186 | D:1      | Reached XP level 2. HP: 3/17 MP: 3/3
   554 | D:1      | Reached skill level 5 in Ranged Weapons
  1338 | D:2      | Reached XP level 3. HP: 21/21 MP: 4/4
  1358 | D:2      | Found a faded altar of an unknown god.
  1455 | D:2      | Reached skill level 6 in Ranged Weapons
  1507 | D:2      | Reached XP level 4. HP: 20/26 MP: 5/5
  1751 | D:2      | Identified the amulet of the Unkillable {RegenMP rF- Will+
                  | Str+7}
  1932 | D:3      | Noticed Robin
  1932 | D:3      | Noticed Sigmund
  1932 | D:3      | Noticed Natasha
  1941 | D:2      | Slain by a hobgoblin

Illustrated notes

Levels and vault maps discovered:
D:1:      eino_arrival_cavern_a, layout_basic
D:2:      layout_basic, shapermc_ecumenical_altar_notcrosses
D:3:      layout_basic, mainiacjoe_overflow_brackets, minmay_misc_feat_rows,
          due_unseen_surprise, uniq_robin, uniq_sigmund, uniq_grinder,
          uniq_natasha

Skill      XL: |  1  2  3 |
---------------+----------+-----
Ranged Weapons | 5 6 |  6.1
Fighting       | |  2.0
Dodging        | |  2.1
Stealth        | |  1.0

Action                   |  1- 3 |  4- 6 || total
-------------------------+-------+-------++-------
 Fire: Shortbow          |    73 |     9 ||    82
  Use: Scroll            |     4 |     2 ||     6
Armor: Leather armour    |     2 |    13 ||    15
Dodge: Dodged            |    15 |    16 ||    31

Table legend: (Time is in decaauts)
 A = Elapsed time spent in this place.
 B = Non-inter-level travel time spent in this place.
 C = Inter-level travel time spent in this place.
 D = Time resting spent in this place.
 E = Time spent auto-exploring this place.
 F = Levels seen in this place.
 G = Mean time per level.
                   A        B        C        D        E       F      G
               +--------+--------+--------+--------+--------+-----+--------+
         Total |   1968 |   1903 |     65 |    532 |   1145 |   3 |  656.0 |
       Dungeon |   1968 |   1903 |     65 |    532 |   1145 |   3 |  656.0 |
               +--------+--------+--------+--------+--------+-----+--------+

Top non-repeatable levels by time:
     D:2: 1203 daAuts
     D:1: 760 daAuts
     D:3: 4 daAuts
